 Dungeon Crawl Stone Soup version 0.17-a0-913-g36eb389 (webtiles) character file.

634967 oplop the Sorcerer (level 27, -13/153 HPs)
             Began as a Spriggan Enchanter on May 3, 2015.
             Was the Champion of Ashenzari.
             Mangled by Jesur the pandemonium lord (30 damage)
             ... on level 15 of a ziggurat on May 4, 2015.
             The game lasted 07:00:51 (91871 turns).

oplop the Sorcerer (Spriggan Enchanter)            Turns: 91871, Time: 07:00:51

Health: -13/153    AC: 19    Str: 11    XL:     27
Magic:  24/54      EV: 46    Int: 34    God:    Ashenzari [******]
Gold:   6164       SH: 13    Dex: 19    Spells: 18 memorised, 7 levels left

rFire  + + .     SeeInvis +     a - +9 quick blade (distort)
rCold  + + .     Clarity  +     E - +2 robe {rC+ rF+} (curse)
rNeg   . . .     SustAb   .     M - +2 buckler {reflect} (curse)
rPois  +         Gourm    .     T - +1 hat {SInv} (curse)
rElec  .         Spirit   .     g - +2 cloak (curse)
rCorr  +         Warding  .     (gloves unavailable)
rMut   .         Stasis   .     (boots unavailable)
MR     +++..                    t - amulet of resist corrosion (curse)
Stlth  +++++++++.               n - ring of Boynni {rF+ Int+7} (curse)
                                s - ring of the Duke {Wiz rPois rC+ MR- Str+9}

@: icy armour, phasing, tornado, sap magic, corroded equipment, flying
(expiring), very slightly contaminated, hasted, magic sapped, very quick,
extremely resistant to hostile enchantments, incredibly stealthy
A: unfitting armour, talons 2, icy blue scales 1, large bone plates 1, yellow
scales 1, see invisible, blink 1, herbivore 3, speed 3, slow healing 1, slow
metabolism 2, weak 1, wild magic 1, MP-powered wands
a: Blink, Scrying, Transfer Knowledge, Renounce Religion
}: 3/15 runes: barnacled, silver, gossamer


You were on level 15 of a ziggurat.
You worshipped Ashenzari.
Ashenzari was exalted by your worship.
You were not hungry.

You visited 9 branches of the dungeon, and saw 51 of its levels.
You visited 1 ziggurat, and saw 15 of its levels.
You also visited: Ossuary, Bailey and Ice Cave.

You collected 8551 gold pieces.
You spent 2387 gold pieces at shops.

Inventory:

Hand weapons
 a - a +9 quick blade of distortion (weapon)
 I - the +9 dagger of Beyond {holy, +Blink rN++ MP+9}
   (You found it on level 3 of the Crypt)

   It has been blessed by the Shining One to cause great damage to the undead
   and demons.
   It greatly protects you from negative energy.
   It affects your magic capacity (+9).
   It lets you blink.
 Q - the +12 whip of Doom {slash, rF++ MR+ Dex-5}
   (You found it on level 10 of a ziggurat)

   It inflicts extra damage upon your enemies.
   It affects your dexterity (-5).
   It greatly protects you from fire.
   It affects your resistance to hostile enchantments.
Armour
 g - a cursed +2 cloak (worn)
 E - a cursed +2 robe of resistance (worn)
 M - a cursed +2 buckler of reflection (worn)
 T - a cursed +1 hat of see invisible (worn)
 U - the +2 pair of fencer's gloves {LBl+4 SBl+4 EV+3 Dex+6}
   (You found it on level 11 of a ziggurat)

   It affects your evasion (+3).
   It affects your dexterity (+6).
Magical staves
 b - an uncursed staff of energy
 F - an uncursed staff of air
Rods
 z - a +2 rod of clouds (9/9)
   (You found it on level 6 of a ziggurat)
Jewellery
 n - the cursed ring of Boynni (right hand) {rF+ Int+7}
   (You found it on level 4 of the Shoals)

   [ring of protection from fire]

   It affects your intelligence (+7).
   It protects you from fire.
   It has a curse placed upon it.
 q - the ring "Deir" {rPois MR+ MP+9 SInv}
   (You found it on level 8 of a ziggurat)

   [ring of magical power]

   It protects you from poison.
   It affects your resistance to hostile enchantments.
   It affects your magic capacity (+9).
   It enhances your eyesight.
 s - the ring of the Duke (left hand) {Wiz rPois rC+ MR- Str+9}
   (You took it off a deep elf demonologist on level 3 of the Elven Halls)

   [ring of wizardry]

   It improves your spell success rate.
   It affects your strength (+9).
   It protects you from cold.
   It protects you from poison.
   It affects your resistance to hostile enchantments.
 t - a cursed amulet of resist corrosion (around neck)
 N - the ring of the Dropbear {Wiz rElec rF- rN+ Int+4}
   (You found it on level 5 of the Vaults)

   [ring of wizardry]

   It improves your spell success rate.
   It affects your intelligence (+4).
   It makes you vulnerable to fire.
   It insulates you from electricity.
   It protects you from negative energy.
Magical devices
 y - a wand of teleportation (7)
 D - a wand of hasting (1)
 Y - a wand of digging (13)
Scrolls
 c - 2 scrolls of curse armour
 e - 6 scrolls of enchant armour
 h - 9 scrolls of magic mapping
 j - 2 scrolls of immolation
 l - 10 scrolls of recharging
 o - 3 scrolls of curse weapon
 v - 4 scrolls of blinking
 w - 7 scrolls of curse jewellery
 x - 17 scrolls of identify
 G - 10 scrolls of fear
 K - 3 scrolls of enchant weapon
 O - 4 scrolls of amnesia
 P - 12 scrolls of teleportation
 R - 8 scrolls of fog
 S - 18 scrolls of remove curse
 X - a scroll of silence
Potions
 f - 3 potions of magic
 i - 7 potions of haste
 k - 5 potions of invisibility
 m - 15 potions of curing
 r - 12 potions of might
 A - 6 potions of agility
 B - 2 potions of resistance
 H - 10 potions of brilliance
 J - 4 potions of cure mutation
 W - a potion of berserk rage
Books
 u - Mat Lui's Handbook of Talismans
   (You found it on level 8 of a ziggurat)

   Spells                             Type                      Level
   a - Ozocubu's Armour               Charms/Ice                   3
   b - Control Teleport               Charms/Translocation         4
   c - Warp Weapon                    Charms/Translocation         5
 V - a book of the Tempests

   Spells                             Type                      Level
   a - Static Discharge               Conjuration/Air              3
   b - Lightning Bolt                 Conjuration/Air              5
   c - Fireball                       Conjuration/Fire             5
   d - Tornado                        Air                          9
   e - Shatter                        Earth                        9
 Z - the Papyrus of Quantum Leap
   (You found it on level 13 of a ziggurat)

   Spells                             Type                      Level
   a - Flame Tongue                   Conjuration/Fire             1
   b - Sticky Flame                   Conjuration/Fire             4
   c - Bolt of Draining               Conjuration/Necromancy       5
   d - Bolt of Cold                   Conjuration/Ice              6
Comestibles
 d - 26 bread rations


   Skills:
 - Level 18.4 Fighting
 - Level 11.4 Short Blades
 + Level 19.8(23.3) Dodging
 - Level 16.9(20.7) Stealth
 - Level 6.1(9.2) Shields
 + Level 26.4 Spellcasting
 - Level 10.0(12.8) Hexes
 - Level 5.9(9.0) Charms
 - Level 5.9(9.0) Translocations
 + Level 22.0(24.1) Air Magic
 - Level 7.6(10.7) Evocations


You had 7 spell levels left.
You knew the following spells:

 Your Spells              Type           Power        Failure   Level  Hunger
a - Dazzling Spray        Conj/Hex       #######.     2%          3    None
b - Ensorcelled Hibernat  Hex/Ice        ######       1%          2    None
c - Confuse               Hex            ########     1%          3    None
d - Tukima's Dance        Hex            ########     1%          3    None
e - Warp Weapon           Chrm/Tloc      ########..   4%          5    None
f - Apportation           Tloc           ########..   1%          1    None
g - Invisibility          Hex            ########     4%          6    None
h - Blink                 Tloc           N/A          1%          2    None
i - Spectral Weapon       Hex/Chrm       ########     1%          3    None
j - Mephitic Cloud        Conj/Pois/Air  ########     1%          3    None
k - Phase Shift           Tloc           ########..   4%          5    None
l - Mass Confusion        Hex            ########..   4%          6    None
m - Flight                Chrm/Air       ########..   1%          3    None
n - Deflect Missiles      Chrm/Air       ########..   2%          6    None
o - Tornado               Air            ########..   12%         9    ###....
p - Passage of Golubria   Tloc           N/A          2%          4    None
q - Control Teleport      Chrm/Tloc      ########..   2%          4    None
r - Ozocubu's Armour      Chrm/Ice       #######.     3%          3    None


Dungeon Overview and Level Annotations

Branches:
Dungeon (15/15)            Temple (0/1) D:4            Lair (8/8) D:8
 Shoals (4/4) Lair:4       Spider (4/4) Lair:6        Slime (0/6) Lair:6
    Orc (4/4) D:9             Elf (3/3) Orc:4        Vaults (5/5) D:13
  Crypt (3/3) Vaults:3       Tomb (0/3) Crypt:3      Depths (5/5) D:15
    Zot (0/5) Depths:5

Altars:
Ashenzari
Cheibriados
Dithmenos
Elyvilon
Kikubaaqudgha
Makhleb
Nemelex Xobeh
Qazlal
Ru
Sif Muna
Trog
Vehumet
Xom
Yredelemnul
Zin
The Shining One
Beogh
Jiyva

Shops:
D:10 }   D:11 %[}[   Orc:4 }!=:   Elf:3 !   Vaults:2 ?   Vaults:5 ?
Depths:3 [

Portals:
Hell: Depths:2 Depths:3 Depths:4 Depths:5
Abyss: Depths:1 Depths:4
Pandemonium: Depths:2 Depths:3

Annotations:
D:3 exclusion: door
D:12 Secret
Shoals:2 stickyfingers's ghost, mighty VSAs
Shoals:4 exclusions: Roxanne and 1 more exclusion, Ilsuiw; Roxanne
Vaults:4 Saint Roka
Depths:1 1 exclusion
Abyss:1 Boris; Rupert; Sojobo


Innate Abilities, Weirdness & Mutations

You are tiny and cannot use many weapons and most armour.
You have supernaturally acute eyesight.
You are a herbivore.
You cover ground extremely quickly.
You need consume almost no food.
You have razor-sharp toenails.
You are partially covered in icy blue scales (AC +1).
You are partially covered in large bone plates (AC +2, SH +2).
You are partially covered in yellow scales (AC +2).
You can translocate small distances at will.
You heal slowly when monsters are visible.
You are weak. (Str -2)
Your spells are a little harder to cast, but a little more powerful.
You expend magic power (3 MP) to strengthen your wands.


Message History

The torturous black sun convulses!
The orc sorcerer convulses!
The gelid corrupter convulses!
The gelid demonspawn convulses!
The gelid warmonger convulses!
Unknown command.
Unknown command.
You hit Jesur but do no damage.
Jesur is lightly wounded.
Jesur blinks!
The grand avatar fades into the ether.
The balrug gestures at you. Something smites you!
* * * LOW HITPOINT WARNING * * *
Unknown command.
Unknown command.
Drink which item? (? for menu, Esc to quit)
You feel better.
You kill the balrug!
You kill the reaper!
You kill the putrid warmonger!
You kill the green death!
Jesur hits you!!
You die...

▓▓▓ ▓▓▓▓▓§▓▓▓▓▓
▓▓▓.§§§§§§§.▓▓▓
▓▓..§§§§§§§t§..▓▓*
▓▓....§§§§@§§§§.... *
▓▓.....§§§§§&§4§....,*
▓.......§§§§111oeo..,,*
▓▓........§§§§§6X.e... **
▓........[.§§6.4.6o...
▓........))....362..[=,
▓...........).565..§§[[
▓▓.....§....(...56.§6§)∩,**
▓..∩..............§§§§|>,,*


You could see Jesur, a gelid warmonger, a monstrous demonspawn, 2 Brimstone
Fiends, a Shadow Fiend, a gelid corrupter, a torturous black sun, a deep elf
master archer, an orc high priest, a shadow demon, a gelid demonspawn, an orange
demon, an apocalypse crab, a torturous demonspawn, a deep elf high priest, a
large abomination, a hellwing, a neqoxec, 2 orc sorcerers, an iron imp, a white
imp and an ufetubus.

Vanquished Creatures
  Mara (Crypt:1)
  Mennas (Crypt:3)
  A pandemonium lord (Zig:14)
  Nikola (Spider:3)
  Jory (Crypt:3)
  the Enchantress (Depths:2)
  2 golden dragons
  3 bone dragons
  Arachne (Spider:3)
  A Brimstone Fiend (Zig:12)
  Jorgrun (Spider:3)
  2 liches
  3 deep elf blademasters
  2 deep elf master archers (Elf:3)
  2 quicksilver dragons
  A titan (Vaults:5)
  2 Executioners
  Polyphemus (Shoals:4)
  A Shadow Fiend (Zig:14)
  An octopode crusher (Depths:2)
  3 sphinxes
  An ancient champion (Crypt:3)
  5 tengu reavers
  Kirke (Lair:8)
  4 shadow dragons (Vaults:5)
  2 draconian monks (Depths:2)
  A revenant (Crypt:3)
  4 storm dragons
  2 greater nagas (Zig:4)
  A deep elf sorcerer (Elf:1)
  Donald (Shoals:3)
  Maud (Orc:3)
  An iron dragon (Depths:4)
  A draconian knight (Depths:1)
  21 vault wardens
  9 fire giants
  8 frost giants
  Louise (Elf:1)
  An orc warlord (Depths:2)
  2 balrugs (Zig:15)
  7 ghost moths
  6 emperor scorpions
  2 caustic shrike zombies
  A draconian shifter (Depths:5)
  3 ghouls (Crypt:3)
  3 cacodemons
  4 war gargoyles
  2 angels
  11 reapers
  2 caustic shrike skeletons (Zig:12)
  14 very ugly things
  5 spriggan defenders
  3 warmongers
  16 ironheart preservers
  2 blood saints
  25 stone giants
  Nessos (Lair:8)
  10 deep elf demonologists
  7 vampire knights
  7 corrupters
  A chaos champion (Zig:15)
  12 deep elf annihilators
  A black sun (Zig:14)
  A dire elephant (Lair:8)
  A white draconian (Depths:5)
  2 purple draconians
  3 eidola
  The ghost of laxity the Thaumaturge, a powerful DEFE of Vehumet (Lair:8)
  3 blizzard demons (Zig:14)
  Snorg (Lair:5)
  3 merfolk javelineers (Shoals:4)
  A minotaur (Depths:2)
  A crystal guardian (Depths:2)
  2 green deaths
  A spectral weapon (Zig:10)
  8 deep elf death magi
  10 fire dragons
  16 jiangshi (Crypt:3)
  29 vault guards
  3 deep elf high priests
  10 ettins
  7 rakshasas
  5 merfolk impalers
  A death cob (Crypt:3)
  A quicksilver dragon zombie (Depths:4)
  6 great orbs of eyes
  Fannar (Lair:1)
  14 ice dragons
  21 yaktaur captains
  7 entropy weavers
  3 death knights
  12 hydras
  6 spriggan air magi
  13 centaur warriors
  2 hell beasts
  4 alligator snapping turtles (Shoals:4)
  2 merfolk avatars (Shoals:4)
  4 catoblepae
  3 merfolk aquamancers
  2 salamander stormcallers
  16 dancing weapons
  11 ogre magi
  2 tengu warriors
  6 vampire magi
  A queen ant (Lair:7)
  An orc high priest (Zig:7)
  6 death yaks
  A titan zombie (Zig:13)
  4 deep troll shamans
  3 spriggan berserkers
  6 deep troll earth magi
  A hell hog (Zig:12)
  2 naga sharpshooters (Depths:2)
  18 deep elf knights
  7 hell knights
  6 spriggans (Depths:2)
  3 shock serpents
  Sonja (Orc:2)
  The ghost of sose the Destroyer, an experienced DEFE of Vehumet (D:10)
  An iron golem (Zig:12)
  2 titan skeletons
  4 soul eaters
  A wretched star (Zig:11)
  6 shadow wraiths
  An ice devil (Zig:13)
  2 shadow demons
  14 deep trolls
  An iron troll (Depths:1)
  2 unseen horrors
  2 fire crabs
  3 salamander mystics
  18 skeletal warriors
  A deep troll (shapeshifter) (Elf:2)
  A putrid demonspawn (Zig:14)
  5 sea snakes
  4 wizards
  2 unseen horrors (shapeshifter)
  4 golden dragon zombies
  2 giant orange brains (Depths:2)
  12 phantasmal warriors
  2 shadow dragon zombies
  19 deep elf summoners
  10 necromancers
  6 flayed ghosts
  A sea snake (shapeshifter) (Zig:8)
  2 tengu zombies
  A mana viper (Depths:2)
  A spectral hydra (Crypt:3)
  3 hill giants
  3 wolf spider zombies
  32 ugly things
  2 golden dragon skeletons
  2 hornets (shapeshifter)
  18 deep elf conjurers
  9 harpies
  A shining eye (Zig:1)
  A shadow dragon skeleton (Zig:12)
  3 orc sorcerers
  26 wolf spiders
  10 ironbrand convokers
  2 lindwurms (Depths:2)
  14 griffons
  8 oklob plants
  An iron dragon zombie (Zig:13)
  4 moths of wrath
  4 water nymphs
  2 tengu skeletons
  A fire giant zombie (Depths:4)
  10 orc knights
  11 cyclopes
  14 orb spiders
  2 sixfirhies
  7 manticores
  9 hornets
  The ghost of drasked the Cudgeler, an experienced OgHu (Ossuary)
  24 elephants
  A salamander (Depths:1)
  A shining eye (shapeshifter) (Vaults:3)
  2 iron dragon skeletons
  2 sirens (Shoals:4)
  2 guardian serpents
  Maurice (Orc:4)
  An eye of devastation (Depths:2)
  A fire giant skeleton (Vaults:5)
  7 rust devils
  7 vault sentinels
  A spiny frog (shapeshifter) (D:15)
  3 smoke demons
  A gargoyle (D:15)
  17 spiny frogs
  A naga mage (Depths:2)
  An apocalypse crab (Zig:11)
  2 spriggan zombies
  3 torpor snails
  2 alligator snapping turtle zombies (Crypt:2)
  A black mamba (shapeshifter) (Depths:1)
  4 black mambas
  5 hellions
  A titan simulacrum (Vaults:5)
  An efreet (D:15)
  55 yaktaurs
  6 kobold demonologists
  3 orange demons
  A swamp worm zombie (Crypt:1)
  A spriggan skeleton (Depths:3)
  A yaktaur (shapeshifter) (Vaults:3)
  A pale draconian zombie (Crypt:2)
  6 tormentors
  A yaktaur zombie (Vaults:4)
  10 komodo dragons
  A fire drake (shapeshifter) (Vaults:3)
  A hellwing (Zig:15)
  4 blue devils
  6 fire drakes
  20 merfolk
  A queen bee (shapeshifter) (Vaults:1)
  2 red devils
  2 ancient zymes (Zig:11)
  A jumping spider (shapeshifter) (Depths:1)
  A polar bear (shapeshifter) (Vaults:1)
  14 polar bears (IceCv)
  11 demonic crawlers
  4 tengu conjurers
  14 trolls
  3 wind drakes
  18 deep elf priests
  A fire vortex (Vaults:3)
  26 jumping spiders
  5 two-headed ogres
  12 freezing wraiths
  31 slime creatures
  14 ravens
  A guardian serpent zombie (Crypt:1)
  9 boulder beetles
  32 blink frogs
  4 raiju
  A baby alligator (shapeshifter) (Depths:2)
  2 bog bodies (Crypt:1)
  A hornet zombie (Crypt:1)
  15 trapdoor spiders
  A frost giant simulacrum (Vaults:1)
  34 deep elf magi
  56 redbacks
  9 shadows
  9 snapping turtles
  2 stone giant simulacra
  49 flying skulls
  2 ynoxinuls
  8 starcursed masses (Zig:11)
  14 wraiths
  A wyvern (D:12)
  A wyvern (shapeshifter) (D:15)
  A fire bat (Zig:11)
  The ghost of drasked the Chucker, an average OgHu (D:3)
  13 air elementals
  11 hippogriffs
  18 tarantellas
  10 water elementals
  3 hungry ghosts
  50 yaks
  A yaktaur simulacrum (Vaults:4)
  A hog (Lair:8)
  3 basilisks
  Grum (Lair:1)
  A steam dragon (D:8)
  13 vampire mosquitoes
  2 centaur simulacra (D:15)
  A human simulacrum (Vaults:3)
  2 nagas
  10 vampires
  36 deep elf fighters
  4 mottled dragons
  27 wolves
  Edmund (D:5)
  4 chaos spawn
  A deep troll zombie (Vaults:4)
  2 hell hounds (Zig:12)
  A merfolk skeleton (Crypt:2)
  13 wasps
  An infernal demonspawn zombie (Crypt:1)
  4 small abominations
  A harpy simulacrum (Depths:2)
  9 soldier ants
  6 ice beasts
  A swamp drake (Orc:4)
  4 wargs
  4 sky beasts
  22 water moccasins
  2 ogres (shapeshifter)
  A black bear (D:6)
  26 spiders
  17 orc warriors
  A porcupine (shapeshifter) (Vaults:2)
  11 porcupines
  6 large abominations
  2 boring beetles
  7 necrophages
  6 phantoms
  A spiny frog skeleton (Crypt:2)
  2 eyes of draining (shapeshifter)
  41 ogres
  2 eyes of draining
  2 lost souls
  11 boggarts
  16 crocodiles
  18 centaurs
  6 earth elementals (Depths:4)
  4 big kobolds
  19 giant frogs
  3 elf skeletons
  A wyvern skeleton (D:6)
  A scorpion (shapeshifter) (Depths:2)
  Dowan (D:5)
  6 scorpions
  13 killer bees
  8 wights
  3 electric eels
  15 orc priests
  A goliath beetle (D:9)
  7 crimson imps
  A wasp zombie (D:9)
  11 centaur zombies
  3 quasits
  5 human zombies
  6 centaur skeletons
  A giant frog skeleton (D:11)
  5 hounds
  8 iron imps
  4 jellies
  19 orc wizards
  A basilisk skeleton (Crypt:2)
  A demonspawn skeleton (Crypt:2)
  3 human skeletons
  An iguana (Lair:4)
  A lightning spire (Zig:14)
  38 worker ants
  5 hell rats (Lair:2)
  A demigod zombie (Crypt:1)
  38 sheep
  2 big kobold zombies (Ossuary)
  A killer bee zombie (D:6)
  A felid skeleton (Crypt:2)
  3 hound zombies
  2 hound skeletons
  4 mummies
  20 adders
  A gnoll (D:4)
  A steam dragon zombie (Crypt:2)
  35 river rats
  4 shadow imps
  A swamp drake skeleton (Crypt:1)
  14 white imps
  7 ufetubi
  4 adder zombies
  An ooze (D:3)
  A worm (D:3)
  An adder skeleton (D:5)
  4 giant geckos
  144 orcs
  2 ball pythons
  9 bats
  3 giant cockroaches
  A gnoll zombie (Ossuary)
  12 goblins
  23 hobgoblins
  7 quokkas
  A ball python zombie (Crypt:2)
  3 giant newts
  3 giant spores
  4 goblin zombies (Ossuary)
  4 hobgoblin zombies (Ossuary)
  4 jackal zombies (Ossuary)
  23 kobolds
  3 kobold zombies (Ossuary)
  An orc skeleton (D:8)
  2 orc zombies
  A quokka skeleton (D:9)
  2 quokka zombies (Ossuary)
  10 rats
  2 rat zombies (Ossuary)
  7 ballistomycetes
  3 fungi
  A grand avatar (Zig:15)
  4 plants (Zig:15)
2581 creatures vanquished.

Vanquished Creatures (collateral kills)
  Frederick (Depths:1)
  A deep elf blademaster (Elf:3)
  Agnes (Elf:1)
  Frances (Depths:1)
  An ancient champion (Crypt:3)
  A frost giant (Vaults:3)
  3 vault wardens
  2 ironheart preservers
  A vampire knight (D:12)
  4 deep elf demonologists (Elf:3)
  2 deep elf annihilators
  6 ettins
  5 vault guards
  3 deep elf death magi
  3 merfolk impalers (Shoals:4)
  A great orb of eyes (Depths:2)
  A yaktaur captain (Vaults:5)
  A salamander stormcaller (Vaults:2)
  A dancing weapon (Elf:2)
  5 ogre magi
  An orc high priest (Orc:2)
  3 tengu warriors
  6 deep elf knights
  5 hell knights
  9 skeletal warriors
  A deep troll (Orc:4)
  An ironbrand convoker (Vaults:4)
  A flayed ghost (Vaults:3)
  A deep elf summoner (Elf:3)
  2 hill giants
  A necromancer (Depths:4)
  2 deep elf conjurers
  A phantasmal warrior (Vaults:5)
  5 orc knights
  A mana viper (Depths:2)
  2 ugly things (Depths:3)
  A salamander (Depths:1)
  A water nymph (Shoals:3)
  A vault sentinel (Vaults:5)
  Joseph (D:9)
  3 gargoyles
  2 kobold demonologists (D:15)
  A deep elf priest (Elf:3)
  2 yaktaurs
  A red devil (D:15)
  11 merfolk
  A polar bear (IceCv)
  16 two-headed ogres
  3 trolls (Orc:4)
  A boulder beetle (Vaults:2)
  A slime creature (D:12)
  2 flying skulls (Crypt:3)
  A water elemental (Shoals:4)
  A wraith (Crypt:3)
  5 deep elf magi
  A spriggan (Depths:2)
  10 deep elf fighters
  2 yaks (D:12)
  A vampire mosquito (Vaults:2)
  A neqoxec (Depths:1)
  Duvessa (D:5)
  16 orc warriors
  A small abomination (Crypt:3)
  2 centaurs
  5 boggarts (Depths:4)
  26 ogres
  A giant frog (D:12)
  8 wights
  12 orc priests
  3 orc wizards
  A quasit (D:8)
  A worker ant (D:6)
  A sheep (Shoals:4)
  2 gnolls (D:4)
  A shadow imp (Depths:1)
  70 orcs
  2 kobolds
  2 giant geckos (D:5)
  5 goblins (Orc:2)
316 creatures vanquished.

Vanquished Creatures (others)
  An ancient lich (Vaults:5)
  A profane servitor (Crypt:3)
  A quicksilver dragon (Vaults:5)
  2 titans (Vaults:5)
  An ancient champion (Crypt:2)
  An eldritch tentacle (Vaults:5)
  A frost giant (Vaults:5)
  A balrug (Depths:3)
  A vault warden (Vaults:5)
  A draconian shifter (Depths:5)
  A ghoul (Crypt:3)
  A spriggan defender (Depths:2)
  A very ugly thing (Vaults:3)
  A deep elf demonologist (Zig:7)
  A vampire knight (Crypt:3)
  A merfolk javelineer (Shoals:4)
  A spectral weapon (Zig:6)
  A fire dragon (Depths:3)
  A deep elf death mage (Crypt:3)
  4 jiangshi (Crypt:3)
  A deep elf high priest (Depths:4)
  2 death cobs (Crypt:3)
  A yaktaur captain (Vaults:5)
  A hydra (Zig:14)
  2 ogre magi
  A merfolk avatar (Shoals:4)
  A catoblepas (Depths:2)
  A death knight (Crypt:3)
  64 dancing weapons
  A salamander stormcaller (Vaults:5)
  A tengu warrior (Depths:4)
  A deep troll earth mage (Depths:5)
  A vampire mage (Zig:5)
  2 soul eaters
  5 skeletal warriors
  A hell knight (Crypt:3)
  A deep troll (Depths:5)
  A deep elf knight (Vaults:2)
  A shadow wraith (Crypt:2)
  A shadow demon (Crypt:3)
  A necromancer (Crypt:3)
  A deep elf conjurer (Depths:2)
  A tengu zombie (Depths:1)
  A sphinx zombie (Depths:1)
  A hill giant (D:12)
  A spectral ettin (Crypt:3)
  A frost giant zombie (Depths:4)
  4 ugly things
  A naga mage (Depths:2)
  An elf zombie (Zig:13)
  2 drowned souls (Shoals:4)
  An orange demon (Depths:3)
  2 rust devils
  3 yaktaurs
  A hellwing (Zig:5)
  2 freezing wraiths (Crypt:3)
  A tengu conjurer (D:12)
  A red devil (Zig:7)
  A two-headed ogre (Depths:3)
  A troll (D:9)
  A polar bear (IceCv)
  3 ravens
  2 fire vortices
  A boulder beetle (Depths:2)
  A bog body (Crypt:1)
  7 flying skulls
  A deep troll skeleton (Depths:1)
  An air elemental (Depths:5)
  4 humans (Lair:8)
  2 yaks (IceCv)
  A wraith (Crypt:2)
  A chaos spawn (Zig:7)
  A wolf (IceCv)
  A baby alligator skeleton (Crypt:1)
  A starcursed mass (Zig:11)
  A boggart (Depths:4)
  An ogre (Vaults:3)
  A big kobold (D:9)
  A boring beetle (Zig:7)
  11 lost souls
  A centaur (D:13)
  A yaktaur skeleton (Crypt:1)
  A scorpion (D:9)
  A hound (D:9)
  A sheep (Lair:8)
  A worker ant (D:9)
  2 orcs (Orc:4)
  A hobgoblin (D:6)
  2 bushes (Lair:8)
  76 eldritch tentacle segments (Vaults:5)
  9 fungi (Lair:8)
  8 plants
289 creatures vanquished.

Grand Total: 3186 creatures vanquished

Notes
Turn   | Place    | Note
--------------------------------------------------------------
     0 | D:1      | oplop, the Spriggan Enchanter, began the quest for the Orb.
     0 | D:1      | Reached XP level 1. HP: 9/9 MP: 5/5
   558 | D:1      | Reached XP level 2. HP: 13/13 MP: 7/7
   616 | D:1      | Learned a level 2 spell: Ensorcelled Hibernation
  1446 | D:2      | Reached XP level 3. HP: 16/16 MP: 1/8
  1549 | D:2      | Found a shattered altar of Ashenzari.
  1563 | D:2      | Became a worshipper of Ashenzari the Shackled
  2003 | D:3      | Found a sacrificial altar of Ru.
  2027 | D:3      | Learned a level 3 spell: Confuse
  2031 | D:3      | Learned a level 3 spell: Tukima's Dance
  2050 | D:3      | Reached XP level 4. HP: 21/21 MP: 10/10
  2167 | D:3      | Noticed a moth of wrath
  2170 | D:3      | Found a bloodstained altar of Trog.
  2266 | D:3      | Noticed drasked's ghost (average OgHu)
  2429 | D:3      | Killed drasked's ghost
  2429 | D:3      | Reached skill level 5 in Dodging
  2429 | D:3      | Reached skill level 5 in Hexes
  2429 | D:3      | Reached XP level 5. HP: 17/24 MP: 8/12
  2487 | D:3      | Found a glowing golden altar of the Shining One.
  2659 | D:3      | Reached XP level 6. HP: 26/28 MP: 4/13
  2827 | D:4      | Found a snail-covered altar of Cheibriados.
  2837 | D:4      | Found a stormy altar of Qazlal.
  2848 | D:4      | Found a burning altar of Makhleb.
  2949 | D:4      | Found a sparkling altar of Nemelex Xobeh.
  3098 | D:4      | Found a staircase to the Ecumenical Temple.
  3110 | D:4      | Found a shadowy altar of Dithmenos.
  3372 | D:4      | Reached skill level 5 in Spellcasting
  3438 | D:4      | Reached XP level 7. HP: 32/32 MP: 15/15
  3587 | D:5      | Entered Level 5 of the Dungeon
  3590 | D:5      | Noticed Edmund
  3609 | D:5      | Killed Edmund
  3609 | D:5      | Reached skill level 6 in Dodging
  3761 | D:5      | Found a bloodstained altar of Trog.
  4004 | D:5      | Reached skill level 7 in Dodging
  4248 | D:5      | Noticed Dowan
  4250 | D:5      | Noticed Duvessa
  4261 | D:5      | Killed Dowan
  4261 | D:5      | Reached XP level 8. HP: 36/36 MP: 13/18
  4282 | D:5      | Reached skill level 5 in Short Blades
  4296 | D:5      | Killed Duvessa
  4499 | D:6      | Found a white marble altar of Elyvilon.
  4545 | D:6      | Learned a level 3 spell: Dazzling Spray
  5046 | D:6      | Reached skill level 8 in Dodging
  5302 | D:6      | Reached skill level 1 in Fighting
  5392 | D:6      | Reached skill level 5 in Stealth
  5710 | D:7      | Found a flagged portal.
  5718 | D:7      | Reached XP level 9. HP: 42/42 MP: 11/20
  5774 | Bailey   | Entered a bailey
  5925 | Bailey   | Noticed an orc knight
  6009 | Bailey   | Noticed an orc knight
  6013 | Bailey   | Killed an orc knight
  6141 | Bailey   | Killed an orc knight
  6844 | D:8      | Found a staircase to the Lair.
  6967 | D:8      | Found a radiant altar of Vehumet.
  7133 | D:8      | Reached skill level 9 in Hexes
  7176 | D:8      | Found a sand-covered staircase.
  7240 | Ossuary  | Entered an ossuary
  7271 | Ossuary  | Reached XP level 10. HP: 40/49 MP: 19/23
  7397 | Ossuary  | Noticed drasked's ghost (experienced OgHu)
  7675 | Ossuary  | Killed drasked's ghost
  8685 | D:9      | Found a staircase to the Orcish Mines.
  8696 | D:9      | Acquired Ashenzari's first power
  8876 | D:9      | Noticed Joseph
  8988 | D:9      | Killed Joseph
  9349 | D:9      | Reached skill level 10 in Stealth
  9514 | D:9      | Found a shimmering altar of Xom.
  9550 | D:9      | Noticed a hill giant
  9555 | D:9      | Killed a hill giant
  9793 | D:10     | Entered Level 10 of the Dungeon
  9818 | D:10     | Noticed sose's ghost (experienced DEFE)
  9905 | D:10     | Found Nutas's Gadget Shoppe.
 10042 | D:10     | Found a glowing silver altar of Zin.
 10476 | D:11     | Found Imewna's Armour Boutique.
 10490 | D:11     | Noticed a green ugly thing
 10519 | D:11     | Killed a green ugly thing
 10519 | D:11     | Reached skill level 10 in Spellcasting
 10519 | D:11     | Reached skill level 10 in Hexes
 10758 | D:11     | Found Zuratoqa's Gadget Boutique.
 10762 | D:11     | Reached XP level 11. HP: 48/54 MP: 23/26
 10767 | D:11     | Bought a +2 robe of the Archmagi for 490 gold pieces
 10918 | D:11     | Noticed a six-headed hydra
 11130 | D:11     | Killed a six-headed hydra
 11130 | D:11     | Reached skill level 5 in Fighting
 11226 | D:11     | Found Anog Kuwa's Food Emporium.
 11518 | D:11     | Bought 3 fruits for 58 gold pieces
 11518 | D:11     | Bought 3 fruits for 58 gold pieces
 11565 | D:11     | Found Dejifom's Antique Armour Shoppe.
 11580 | D:11     | Found a large runed door.
 11581 | D:11     | Found a large runed door.
 11997 | D:12     | Reached skill level 1 in Shields
 12478 | Lair:1   | Entered Level 1 of the Lair of Beasts
 12591 | Lair:1   | Noticed Fannar
 12847 | Lair:1   | Reached skill level 10 in Short Blades
 12878 | Lair:1   | Killed Fannar
 12902 | Lair:1   | Acquired Ashenzari's second power
 12915 | Lair:1   | Noticed Grum
 12941 | Lair:1   | Killed Grum
 13222 | Lair:1   | Reached XP level 12. HP: 41/62 MP: 16/27
 13662 | Lair:1   | Noticed a four-headed hydra
 13678 | Lair:1   | Killed a four-headed hydra
 14206 | Lair:2   | Reached skill level 11 in Short Blades
 15224 | Lair:2   | Noticed a seven-headed hydra
 15229 | Lair:2   | Killed a seven-headed hydra
 15351 | Lair:2   | Acquired Ashenzari's third power
 15502 | Lair:3   | Reached skill level 5 in Shields
 15571 | Lair:3   | Noticed a seven-headed hydra
 15577 | Lair:3   | Killed a seven-headed hydra
 15793 | Lair:3   | Noticed a seven-headed hydra
 15802 | Lair:3   | Killed a seven-headed hydra
 15858 | Lair:3   | Gained mutation: You are partially covered in molten scales (AC +1). [potion of mutation]
 15858 | Lair:3   | Gained mutation: You are agile. (Dex +2) [potion of mutation]
 15858 | Lair:3   | Gained mutation: You are partially covered in large bone plates (AC +2, SH +2). [potion of mutation]
 16703 | Lair:4   | Reached XP level 13. HP: 69/69 MP: 29/29
 16723 | Lair:4   | Found a staircase to the Shoals.
 16919 | Lair:5   | Acquired Ashenzari's fourth power
 17217 | Lair:5   | Reached skill level 10 in Dodging
 17353 | Lair:5   | Noticed Snorg
 17361 | Lair:5   | Killed Snorg
 17455 | Lair:5   | Reached skill level 12 in Spellcasting
 17699 | Lair:6   | Found a frozen archway.
 17748 | Lair:6   | Identified the +1 ring mail "Jaoqik" {rPois rN+ MP-9 Int+2}
 17832 | IceCv    | Entered an ice cave
 18799 | IceCv    | Noticed a frost giant
 18821 | IceCv    | Killed a frost giant
 19037 | Lair:6   | Found a viscous altar of Jiyva.
 19038 | Lair:6   | Found a staircase to the Slime Pits.
 19417 | Lair:6   | Found a hole to the Spider Nest.
 19953 | Lair:7   | Reached skill level 13 in Spellcasting
 20047 | Lair:7   | Reached XP level 14. HP: 63/76 MP: 26/32
 20687 | Lair:8   | Entered Level 8 of the Lair of Beasts
 20770 | Lair:8   | Reached skill level 10 in Fighting
 20807 | Lair:8   | Noticed Nessos
 20861 | Lair:8   | Killed Nessos
 21001 | Lair:8   | Noticed laxity's ghost (powerful DEFE)
 21458 | Lair:8   | Learned a level 1 spell: Apportation
 21465 | Lair:8   | Learned a level 6 spell: Invisibility
 21488 | Lair:8   | Noticed Kirke
 22075 | Lair:8   | Killed Kirke
 22075 | Lair:8   | Reached skill level 14 in Spellcasting
 23236 | Lair:8   | Found a burning altar of Makhleb.
 23308 | Lair:8   | Killed laxity's ghost
 23700 | D:12     | Noticed a hill giant
 23733 | D:12     | Killed a hill giant
 24021 | D:12     | Reached XP level 15. HP: 64/82 MP: 26/34
 24171 | D:12     | Found a runed door.
 24171 | D:12     | Noticed a skeletal warrior
 24171 | D:12     | Noticed an ogre mage
 24252 | D:12     | Killed an ogre mage
 24264 | D:12     | Killed a skeletal warrior
 24471 | D:13     | Found a gate to the Vaults.
 24591 | D:13     | Reached skill level 15 in Spellcasting
 25073 | D:14     | Reached skill level 15 in Dodging
 25846 | D:14     | Identified the Reference Book on Evil Beguiling
 25963 | D:15     | Entered Level 15 of the Dungeon
 26007 | D:15     | Identified the ring "Yptez" {rElec rC- rN+ Dex+4 Stlth+}
 26219 | D:15     | Reached skill level 16 in Spellcasting
 26982 | D:15     | Found a staircase to the Depths.
 27186 | D:12     | Found a runed door.
 27186 | D:12     | Noticed a skeletal warrior
 27186 | D:12     | Noticed a vampire knight
 27186 | D:12     | Noticed a yaktaur captain
 27186 | D:12     | Noticed a hill giant
 27202 | D:12     | Killed a vampire knight
 27205 | D:12     | Killed a skeletal warrior
 27218 | D:12     | Killed a hill giant
 27230 | D:12     | Killed a yaktaur captain
 27236 | D:12     | Noticed a sphinx
 27236 | D:12     | Noticed a shadow dragon
 27236 | D:12     | Noticed a storm dragon
 27236 | D:12     | Noticed a centaur warrior
 27397 | Orc:1    | Entered Level 1 of the Orcish Mines
 27918 | Orc:2    | Noticed Sonja
 27923 | Orc:2    | Killed Sonja
 28279 | Orc:2    | Found a roughly hewn altar of Beogh.
 29033 | Orc:3    | Noticed Maud
 29043 | Orc:3    | Killed Maud
 29646 | Orc:4    | Entered Level 4 of the Orcish Mines
 29765 | Orc:4    | Found Boqa's Jewellery Boutique.
 30185 | Orc:4    | Found Enuucs's Gadget Shoppe.
 30224 | Orc:4    | Found Tetsaf's Distillery.
 30226 | Orc:4    | Found Misudgh's Book Shop.
 30234 | Orc:4    | Bought an uncursed ring of poison resistance for 280 gold pieces
 30704 | Orc:4    | Found a staircase to the Elven Halls.
 30709 | Orc:4    | Noticed Maurice
 30721 | Orc:4    | Killed Maurice
 30721 | Orc:4    | Reached XP level 16. HP: 67/88 MP: 28/37
 30904 | Orc:4    | Learned a level 2 spell: Blink
 30907 | Orc:4    | Learned a level 2 spell: Repel Missiles
 31250 | Lair:3   | Reached skill level 1 in Translocations
 31292 | Shoals:1 | Entered Level 1 of the Shoals
 31314 | Shoals:1 | Identified the +2 flail "Fynkello" {crush, rPois rC+ Dex-4 Stlth+} (You found it on level 1 of the Lair of Beasts)
 31352 | Shoals:1 | Reached skill level 1 in Charms
 31750 | Shoals:1 | Reached skill level 17 in Spellcasting
 32259 | Shoals:2 | Noticed stickyfingers's ghost (mighty VSAs)
 32640 | Shoals:3 | Noticed Donald
 32644 | Shoals:3 | Killed Donald
 32644 | Shoals:3 | Reached skill level 5 in Charms
 32733 | Shoals:3 | Reached skill level 5 in Translocations
 33556 | Shoals:4 | Entered Level 4 of the Shoals
 33557 | Shoals:4 | Noticed Polyphemus
 33586 | Shoals:4 | Identified the ring of Boynni {rF+ Int+7}
 33590 | Shoals:4 | Killed Polyphemus
 34140 | Shoals:4 | Reached skill level 18 in Spellcasting
 34179 | Shoals:4 | Got a barnacled rune of Zot
 34253 | Shoals:4 | Noticed Roxanne
 34548 | Shoals:4 | Noticed Ilsuiw
 34713 | Lair:1   | Gained mutation: You are frail (-10% HP). [mutagenic glow]
 34758 | Lair:1   | Learned a level 3 spell: Mephitic Cloud
 34963 | Shoals:4 | Gained mutation: You have sharp toenails. [potion of mutation]
 34963 | Shoals:4 | Lost mutation: You are agile. (Dex +2) [potion of mutation]
 34963 | Shoals:4 | Gained mutation: Potions and wands are less effective at restoring your health. [potion of mutation]
 34964 | Shoals:4 | Lost mutation: Potions and wands are less effective at restoring your health. [potion of mutation]
 35290 | D:14     | Gained mutation: You expend magic power (3 MP) to strengthen your wands. [potion of mutation]
 35290 | D:14     | Lost mutation: You are frail (-10% HP). [potion of mutation]
 35290 | D:14     | Lost mutation: You are partially covered in molten scales (AC +1). [potion of mutation]
 35717 | Spider:1 | Entered Level 1 of the Spider Nest
 35779 | Spider:1 | Learned a level 5 spell: Phase Shift
 36164 | Spider:1 | Reached XP level 17. HP: 60/95 MP: 27/40
 37721 | Spider:2 | Reached skill level 19 in Spellcasting
 37725 | Spider:2 | Identified the +10 hand axe of Jocsaqay {flame, rElec rF+}
 37877 | Spider:2 | Learned a level 6 spell: Mass Confusion
 37897 | Spider:3 | Noticed Jorgrun
 37920 | Spider:3 | Killed Jorgrun
 38103 | Spider:3 | Noticed Arachne
 38125 | Spider:3 | Killed Arachne
 38377 | Spider:3 | Noticed Nikola
 38409 | Spider:3 | Killed Nikola
 38451 | Spider:3 | Reached XP level 18. HP: 100/102 MP: 42/42
 39452 | Spider:4 | Entered Level 4 of the Spider Nest
 40720 | Spider:4 | Reached skill level 1 in Evocations
 40766 | Spider:4 | Reached skill level 20 in Spellcasting
 40800 | Spider:4 | Got a gossamer rune of Zot
 41246 | Lair:1   | Learned a level 3 spell: Flight
 41364 | Elf:1    | Entered Level 1 of the Elven Halls
 41435 | Elf:1    | Identified the Tome of Summoning
 41502 | Elf:1    | Reached skill level 5 in Evocations
 41767 | Elf:1    | Noticed Agnes
 41792 | Elf:1    | Killed Agnes
 42034 | Elf:1    | Noticed Louise
 42037 | Elf:1    | Killed Louise
 42330 | Elf:2    | Reached XP level 19. HP: 80/107 MP: 33/44
 42393 | Elf:2    | Reached skill level 15 in Stealth
 42501 | Elf:2    | Gained mutation: You are partially covered in icy blue scales (AC +1). [potion of beneficial mutation]
 42539 | Elf:2    | Found a runed gate.
 42539 | Elf:2    | Found a runed gate.
 42540 | Elf:2    | Found a runed gate.
 42699 | Elf:2    | Found a deep blue altar of Sif Muna.
 44670 | Elf:3    | Entered Level 3 of the Elven Halls
 45032 | Elf:3    | Identified the ring of the Duke {Wiz rPois rC+ MR- Str+9} (You took it off a deep elf demonologist on level 3 of the Elven Halls)
 45162 | Elf:3    | Identified a ring of the Octopus King {AC+1 EV+1 Str+1 Int+1 Dex+1 SInv} (You took it off a deep elf death mage on level 3 of the Elven Halls)
 45640 | Elf:3    | Reached skill level 21 in Spellcasting
 45744 | Elf:3    | Identified the cursed +0 leather armour of the Evil One {rN+ Str+3 SInv Stlth-} (You took it off a deep elf master archer on level 3 of the Elven Halls)
 45954 | Elf:3    | Found an ancient bone altar of Kikubaaqudgha.
 45994 | Elf:3    | Identified the cursed +0 leather armour of the Trilobite {rPois Regen+ Int+7}
 46028 | Elf:3    | Reached skill level 1 in Air Magic
 46040 | Elf:3    | Identified the +5 hand axe "Spiderslayer" {elec, Noisy rElec Str+4 Stlth-} (You took it off a deep elf mage on level 3 of the Elven Halls)
 46519 | Elf:3    | Identified Lee's Papyrus of Stones and Arcane Weapons
 46544 | Elf:3    | Identified the +3 helmet of Fiuneom {rElec rPois Str+4 Dex-5}
 46654 | Elf:3    | Found Baliz Tusch's Distillery.
 47988 | Elf:3    | Bought a potion of heal wounds for 100 gold pieces
 47988 | Elf:3    | Bought a potion of heal wounds for 100 gold pieces
 47988 | Elf:3    | Bought a potion of curing for 60 gold pieces
 48153 | Elf:3    | Identified the +7 shield "Zelibemy" {+Inv rN+ MR++ Stlth-} (You took it off a deep elf death mage on level 3 of the Elven Halls)
 48274 | Elf:3    | Learned a level 6 spell: Deflect Missiles
 48279 | Elf:3    | Gained mutation: You can translocate small distances at will. [potion of mutation]
 48279 | Elf:3    | Gained mutation: You are dopey. (Int -2) [potion of mutation]
 48279 | Elf:3    | Gained mutation: Your spells are a little harder to cast, but a little more powerful. [potion of mutation]
 48637 | Depths:1 | Entered Level 1 of the Depths
 48759 | Depths:1 | Reached skill level 5 in Air Magic
 48975 | Depths:1 | Found a one-way gate to the infinite horrors of the Abyss.
 49241 | Depths:1 | Noticed Sojobo
 49352 | Depths:1 | Noticed Rupert
 49352 | Depths:1 | Noticed Frances
 49417 | Depths:1 | Reached XP level 20. HP: 112/112 MP: 41/46
 49681 | Depths:1 | Noticed Frederick
 49789 | Depths:2 | Found a gateway to Hell.
 49999 | D:12     | Noticed a deep troll earth mage
 49999 | D:12     | Noticed an ettin
 50017 | D:12     | Killed a centaur warrior
 50063 | D:12     | Killed a sphinx
 50214 | D:12     | Killed a deep troll earth mage
 50288 | D:12     | Identified Nenek's Collected Works on Combat Magic
 50316 | D:12     | Learned a level 9 spell: Tornado
 50371 | D:12     | Killed a storm dragon
 50931 | Depths:2 | Noticed an ancient lich
 50952 | Depths:2 | Found a one-way gate leading to the halls of Pandemonium.
 51307 | Vaults:1 | Entered Level 1 of the Vaults
 51417 | Vaults:1 | Reached skill level 22 in Spellcasting
 52538 | Vaults:2 | Found Deicoth's Magic Scroll Emporium.
 52558 | Vaults:2 | Bought a scroll of amnesia for 63 gold pieces
 52592 | Vaults:2 | Reached skill level 10 in Air Magic
 53157 | Vaults:2 | Gained mutation: You can spit weak poison. [potion of mutation]
 53158 | Vaults:2 | Lost mutation: You are dopey. (Int -2) [potion of mutation]
 53158 | Vaults:2 | Lost mutation: You can spit weak poison. [potion of mutation]
 53158 | Vaults:2 | Gained mutation: You are partially covered in yellow scales (AC +2). [potion of mutation]
 54954 | Vaults:3 | Reached XP level 21. HP: 116/116 MP: 21/48
 55389 | Vaults:3 | Found a staircase to the Crypt.
 55941 | Vaults:3 | Reached skill level 15 in Fighting
 56693 | Vaults:3 | Gained mutation: You heal slowly when monsters are visible. [a shining eye]
 57072 | Vaults:4 | Noticed Saint Roka
 58346 | D:12     | Killed an ettin
 59704 | Vaults:4 | Paralysed by a hornet for 3 turns
 60835 | Vaults:5 | Entered Level 5 of the Vaults
 61270 | Lair:1   | Learned a level 4 spell: Passage of Golubria
 61275 | Lair:1   | Learned a level 4 spell: Control Teleport
 61555 | D:10     | Killed sose's ghost
 61622 | D:11     | Noticed an unseen horror
 61624 | D:11     | Bought a +2 cloak for 214 gold pieces
 61644 | D:11     | Killed an unseen horror
 63028 | Depths:2 | Noticed the Enchantress
 63646 | Depths:2 | Reached XP level 22. HP: 56/123 MP: 6/49
 63649 | Depths:2 | Identified the +5 morningstar "Ajatz" {freeze, +Fly rElec rN+} (You took it off a vampire mage on level 2 of the Depths)
 64827 | Depths:3 | Reached skill level 15 in Air Magic
 65853 | Depths:3 | Found Cismoti's Antique Armour Boutique.
 65856 | Depths:3 | Bought a brightly glowing cloak for 389 gold pieces
 65856 | Depths:3 | Identified the cursed +0 cloak of the Vacuum {Str+3} (You bought it in a shop on level 3 of the Depths)
 65856 | Depths:3 | Bought a heavily jewelled robe for 233 gold pieces
 65856 | Depths:3 | Identified the cursed +0 robe of Integrity {rF+ rC+ Stlth+} (You bought it in a shop on level 3 of the Depths)
 66078 | Depths:3 | Found a gateway to a ziggurat.
 68119 | Depths:4 | Found a glowing golden altar of the Shining One.
 68121 | Depths:4 | Identified the +3 dagger "Itrutinu" {pierce, Int+5 Dex+3}
 71493 | Lair:1   | Learned a level 5 spell: Warp Weapon
 71826 | Depths:1 | Killed Frederick
 71993 | Depths:1 | Killed Frances
 72606 | Depths:1 | Reached XP level 23. HP: 125/130 MP: 41/50
 72625 | Depths:1 | Banished Rupert
 72633 | Depths:1 | Banished Sojobo
 73547 | Depths:2 | Banished an ancient lich
 74147 | Depths:2 | Killed the Enchantress
 74147 | Depths:2 | Identified the +3 faerie dragon armour {rElec rF- rC+ Dex+2} (You took it off the Enchantress on level 2 of the Depths)
 74692 | Depths:4 | Identified the Papyrus of Sinister Magic
 75135 | Depths:5 | Entered Level 5 of the Depths
 75330 | Depths:5 | Found a gate to the Realm of Zot.
 76563 | Crypt:1  | Entered Level 1 of the Crypt
 76933 | Crypt:1  | Noticed Mara
 76935 | Crypt:1  | Killed Mara
 77608 | Crypt:2  | Identified the +3 plate armour "Wuqyt" {Slay+2}
 77888 | Crypt:2  | Noticed Boris
 77896 | Crypt:2  | Banished Boris
 78517 | Crypt:3  | Entered Level 3 of the Crypt
 79454 | Crypt:3  | Found a basalt altar of Yredelemnul.
 79575 | Crypt:3  | Reached XP level 24. HP: 89/136 MP: 5/50
 79595 | Crypt:3  | Reached skill level 23 in Spellcasting
 80118 | Crypt:3  | Noticed Mennas
 81615 | Crypt:3  | Noticed Jory
 82765 | Crypt:3  | Killed Mennas
 82791 | Crypt:3  | Killed Jory
 83254 | Crypt:3  | Found a staircase to the Tomb.
 83259 | Crypt:3  | Identified the +2 scale mail of Loss {Stlth+}
 84094 | Crypt:3  | Identified the +9 dagger of Beyond {holy, +Blink rN++ MP+9} (You found it on level 3 of the Crypt)
 84500 | Vaults:5 | Noticed an ancient lich
 85184 | Vaults:5 | Identified the cursed +0 halberd of the Hall of Blades {drain, rF+}
 85203 | Vaults:5 | Identified the +5 ring mail of Compression {rC++} (You took it off a vault warden on level 5 of the Vaults)
 85226 | Vaults:5 | Found Fesejoc's Magic Scroll Emporium.
 85384 | Vaults:5 | Reached skill level 24 in Spellcasting
 86066 | Vaults:5 | Identified the +7 trident "Ynoeg" {pierce, +Inv rN+ Int-2}
 86084 | Vaults:5 | Identified the ring of the Dropbear {Wiz rElec rF- rN+ Int+4}
 86085 | Vaults:5 | Identified the amulet "Norost" {Ward rN+ MR+}
 86118 | Vaults:5 | Got a silver rune of Zot
 86128 | Vaults:5 | Identified the Reference Book on Mutagenic Beguiling
 86628 | Vaults:5 | Reached XP level 25. HP: 123/142 MP: 36/52
 87391 | Vaults:5 | Bought a scroll of teleportation for 42 gold pieces
 87391 | Vaults:5 | Bought a scroll of teleportation for 42 gold pieces
 87391 | Vaults:5 | Bought a scroll of enchant weapon for 105 gold pieces
 87690 | Vaults:5 | Identified a scroll of acquirement
 88281 | Vaults:5 | Banished an ancient lich
 88648 | D:11     | Bought a ripped robe for 153 gold pieces
 88648 | D:11     | Identified the +1 robe of Pride {rElec Str+3} (You bought it in a shop on level 11 of the Dungeon)
 89099 | Zig:1    | Entered Level 1 of a ziggurat
 89114 | Zig:2    | Entered Level 2 of a ziggurat
 89138 | Zig:3    | Entered Level 3 of a ziggurat
 89279 | Zig:4    | Entered Level 4 of a ziggurat
 89491 | Zig:5    | Entered Level 5 of a ziggurat
 89527 | Zig:5    | Identified the Grimoire of Curses (You found it on level 5 of a ziggurat)
 89532 | Zig:5    | Learned a level 3 spell: Spectral Weapon
 89572 | Zig:6    | Entered Level 6 of a ziggurat
 89574 | Zig:6    | Identified the ring "Yseet" {rF+ Int+2 SInv}
 89574 | Zig:6    | Identified the amulet "Obash" {Ward rN+ Str+3}
 89576 | Zig:6    | Identified the cursed +0 plate armour "Axenumm" {rC+ MR++ Dex-3}
 89716 | Zig:6    | Gained mutation: You are weak. (Str -2) [mutagenic glow]
 89732 | Zig:6    | Identified a +2 rod of clouds (9/9) (You found it on level 6 of a ziggurat)
 89735 | Zig:6    | Got the cursed blowgun "Hockur" {evade, Int+4}
 89736 | Zig:6    | Identified the cursed +3 blowgun "Hockur" {evade, Int+4} (You found it on level 6 of a ziggurat)
 89758 | Zig:7    | Entered Level 7 of a ziggurat
 90070 | Zig:8    | Entered Level 8 of a ziggurat
 90080 | Zig:8    | Identified the ring "Deir" {rPois MR+ MP+9 SInv}
 90114 | Zig:8    | Identified Mat Lui's Handbook of Talismans
 90120 | Zig:8    | Learned a level 3 spell: Ozocubu's Armour
 90177 | Zig:9    | Entered Level 9 of a ziggurat
 90188 | Zig:9    | Identified the +3 chain mail of the Invisible Hand {+Fly rPois rN+}
 90201 | Zig:9    | Reached skill level 25 in Spellcasting
 90221 | Zig:9    | Reached XP level 26. HP: 149/149 MP: 49/53
 90227 | Zig:9    | Identified the Disquisition on the Mutagenic Compass
 90234 | Zig:9    | Identified Sif Muna's Almanac of Floating Transmutation
 90237 | Zig:9    | Identified Zoyk's Compendium of Execration and Displacement
 90244 | Zig:10   | Entered Level 10 of a ziggurat
 90294 | Zig:10   | Identified the Disquisition on the Damaging Traveller
 90300 | Zig:10   | Got the whip of Doom {slash, rF++ MR+ Dex-5}
 90301 | Zig:10   | Identified the +12 whip of Doom {slash, rF++ MR+ Dex-5} (You found it on level 10 of a ziggurat)
 90312 | Zig:11   | Entered Level 11 of a ziggurat
 90368 | Zig:11   | Paralysed by accursed screaming for 1 turns
 90604 | Zig:12   | Entered Level 12 of a ziggurat
 90620 | Zig:12   | Identified the +2 helmet "Viacki Jikhe" {Int+3 Dex+5}
 90669 | Zig:12   | Reached XP level 27. HP: 52/153 MP: 40/53
 90961 | Zig:13   | Entered Level 13 of a ziggurat
 90981 | Zig:13   | Reached skill level 26 in Spellcasting
 91484 | Zig:13   | Identified the Papyrus of Quantum Leap
 91492 | Zig:13   | Gained mutation: You have razor-sharp toenails. [potion of beneficial mutation]
 91500 | Zig:14   | Entered Level 14 of a ziggurat
 91517 | Zig:14   | Noticed Itennuuz the pandemonium lord
 91553 | Zig:14   | Killed Itennuuz the pandemonium lord
 91841 | Zig:15   | Entered Level 15 of a ziggurat
 91858 | Zig:15   | Noticed Jesur the pandemonium lord
 91862 | Zig:15   | Identified the +1 plate armour "Ylowow" {+Inv rC+ Stlth-}
 91871 | Zig:15   | Mangled by Jesur the pandemonium lord

Action                   |  1- 3 |  4- 6 |  7- 9 | 10-12 | 13-15 | 16-18 | 19-21 | 22-24 | 25-27 || total
-------------------------+-------+-------+-------+-------+-------+-------+-------+-------+-------++-------
Melee: Dagger            |    95 |    41 |     8 |       |       |       |       |       |       ||   144
       Short sword       |       |    66 |   304 |   720 |  1957 |   692 |       |       |       ||  3739
       Rapier            |       |       |       |       |       |   333 |  2099 |   753 |       ||  3185
       Quick blade       |       |       |       |       |       |       |       |  2800 |   476 ||  3276
 Cast: Corona            |     7 |       |       |     1 |       |       |       |       |       ||     8
       Ensorcelled Hiber |     5 |     3 |    28 |   100 |   131 |    88 |    78 |    32 |    21 ||   486
       Tukima's Dance    |       |    13 |    30 |    17 |    99 |    65 |   217 |   147 |     6 ||   594
       Confuse           |       |     1 |    20 |    71 |    71 |    27 |   116 |   191 |    17 ||   514
       Dazzling Spray    |       |       |     1 |    13 |   114 |    69 |   175 |   143 |    70 ||   585
       Invisibility      |       |       |       |       |     4 |     9 |     9 |     4 |     3 ||    29
       Apportation       |       |       |       |       |     1 |    20 |     4 |     6 |     1 ||    32
       Mephitic Cloud    |       |       |       |       |       |     3 |     5 |     6 |       ||    14
       Repel Missiles    |       |       |       |       |       |     2 |     2 |       |       ||     4
       Phase Shift       |       |       |       |       |       |     4 |    27 |    29 |    11 ||    71
       Blink             |       |       |       |       |       |    10 |     6 |     2 |     7 ||    25
       Mass Confusion    |       |       |       |       |       |     9 |    61 |    88 |     4 ||   162
       Deflect Missiles  |       |       |       |       |       |       |     2 |     3 |     2 ||     7
       Warp Weapon       |       |       |       |       |       |       |       |    95 |    17 ||   112
       Flight            |       |       |       |       |       |       |       |     1 |       ||     1
       Passage of Golubr |       |       |       |       |       |       |       |     4 |     3 ||     7
       Tornado           |       |       |       |       |       |       |       |     3 |    16 ||    19
       Control Teleport  |       |       |       |       |       |       |       |     1 |       ||     1
       Ozocubu's Armour  |       |       |       |       |       |       |       |       |     7 ||     7
       Spectral Weapon   |       |       |       |       |       |       |       |       |     2 ||     2
Invok: Scrying           |       |       |       |       |     3 |     2 |     2 |     3 |     1 ||    11
Evoke: Wand              |       |       |       |       |     6 |       |     4 |     4 |     4 ||    18
  Use: Scroll            |     4 |       |     4 |    21 |     9 |    14 |    15 |    11 |    12 ||    90
       Potion            |       |       |       |     1 |     5 |     6 |     6 |     8 |    18 ||    44
 Stab: Sleeping          |    15 |     9 |    35 |   121 |   155 |   130 |   131 |    73 |    22 ||   691
       Confused          |       |     3 |    17 |    33 |    53 |    31 |   158 |   202 |    15 ||   512
       Distracted        |       |     1 |       |     2 |    16 |     7 |    20 |    18 |     2 ||    66
       Invisible         |       |       |       |     5 |    78 |    84 |    66 |    40 |    40 ||   313
       Fleeing           |       |       |       |       |     2 |       |       |       |       ||     2
       Held in net/web   |       |       |       |       |       |     1 |       |       |       ||     1
       Petrifying        |       |       |       |       |       |       |     1 |       |       ||     1
  Eat: Bread ration      |       |       |     1 |       |       |       |     1 |     3 |       ||     5
       Pizza             |       |       |       |     2 |     1 |     3 |     1 |     2 |       ||     9
       Royal jelly       |       |       |       |     1 |     1 |       |     1 |     2 |     4 ||     9
       Fruit             |       |       |       |     5 |    16 |     9 |    14 |    10 |       ||    54
